 Dungeon Crawl Stone Soup version 0.21.1-1-g345015f (webtiles) character file.

3672 troglodite the Skirmisher (level 9, -4/106 (108) HPs)
             Began as a Demonspawn Berserker on May 6, 2018.
             Was a High Priest of Trog.
             Slain by a hornet (8 damage)
             ... on level 8 of the Dungeon.
             The game lasted 00:28:59 (9123 turns).

troglodite the Skirmisher (Demonspawn Berserker)    Turns: 9123, Time: 00:29:00

HP:   -4/106 (108)  AC: 20    Str: 23    XL:     9   Next: 89%
MP:   0/9           EV:  9    Int:  8    God:    Trog [*****.]
Gold: 423           SH: 10    Dex: 16    Spells: 8/8 levels left

rFire    . . .     SeeInvis .   a - +2 falchion
rCold    . . .     Gourm    .   y - +0 shield
rNeg     + . .     Faith    .   x - +2 plate armour {rN+}
rPois    .         Spirit   +   D - +0 helmet
rElec    .         Reflect  .   e - +1 cloak
rCorr    .         Harm     .   (no gloves)
MR       .....                  k - +0 pair of boots
Stlth    ..........             f - amulet of magic regeneration
HPRegen  0.27/turn              q - ring of flight
MPRegen  0.47/turn              (no ring)

@: berserking, lethally poisoned (-4 -> -6), slowed
A: talons 2, magic shield, magic regeneration, sturdy frame 2
a: Berserk, Trog's Hand, Brothers in Arms, Burn Spellbooks, Renounce Religion,
Evoke Flight


You were on level 8 of the Dungeon.
You worshipped Trog.
Trog was extremely pleased with you.
You were very hungry.

You visited 1 branch of the dungeon, and saw 8 of its levels.
You also visited: Ossuary.

You collected 423 gold pieces.

Inventory:

Hand Weapons
 a - a +2 falchion (weapon)
 u - the +2 hand crossbow of Zanyusyo {venom, Stlth+}
   (You found it on level 6 of the Dungeon)

   It poisons the ammo it fires.
   It makes you more stealthy.
Missiles
 b - 38 bolts
Armour
 e - a +1 cloak (worn)
 k - a +0 pair of boots (worn)
 x - a +2 plate armour of positive energy (worn)
 y - a +0 shield (worn)
 D - a +0 helmet (worn)
Jewellery
 f - an amulet of magic regeneration (around neck)
 q - a ring of flight (left hand)
 E - a +1 ring of protection {unknown}
Wands
 o - a wand of iceblast (16)
 F - a wand of polymorph (14)
Scrolls
 g - 3 scrolls of remove curse
 n - a scroll of summoning {unknown}
 r - 3 scrolls of teleportation
 B - 3 scrolls of magic mapping {unknown}
 C - a scroll of identify
Potions
 d - 2 potions of lignification {unknown}
 h - 3 potions of curing {unknown}
 i - 3 potions of haste
 j - a potion of invisibility {unknown}
 l - a potion of heal wounds {unknown}
 m - a potion of ambrosia {unknown}
 p - 2 potions of mutation {unknown}
 s - 2 potions of might
 t - 2 potions of magic {unknown}
 v - a potion of flight {unknown}
 w - 2 potions of cancellation
 z - 2 potions of berserk rage {unknown}
Comestibles
 c - 18 rations


   Skills:
 * Level 7.2 Fighting
 + Level 7.0 Long Blades
 * Level 6.9 Armour
 * Level 5.3 Dodging
 + Level 1.3 Stealth
 * Level 4.2 Shields


You had 8 spell levels left.
You didn't know any spells.

Dungeon Overview and Level Annotations

Branches:
Dungeon (8/15)             Temple (0/1) D:4
   Lair: D:8-11

Altars:
Ashenzari
Dithmenos
Fedhas
Gozag
Hepliaklqana
Okawaru
Ru
Trog
Uskayaw


Innate Abilities, Weirdness & Mutations

You have razor-sharp toenails.
When hurt, damage is shared between your health and your magic reserves.
You regenerate magic rapidly.
Your movements are less encumbered by armour. (ER -4)


Message History

The worker ant bites you but does no damage.
You hear a bark!
You can move again.
You barely miss the two-headed ogre.
The two-headed ogre is heavily wounded.
The hornet stings you but does no damage.
You block the worker ant's attack.
The two-headed ogre hits you but does no damage.
You block the two-headed ogre's attack.
Unknown command.
You hit the two-headed ogre.
The two-headed ogre is heavily wounded.
You feel yourself speed up.
You feel sick. The hornet stings you.
* * * LOW HITPOINT WARNING * * *
You feel yourself slow down. The worker ant closely misses you.
You riposte.
You slash the worker ant!
The worker ant is heavily wounded.
The hornet stings you!
You die...

+###..##..##########
.###..##..#..#.##..##
......#.....#.......#
......#!....#.......#
......+.....#.......#
.##...##....#.......#
.#######....#.......#
.##...#..>..#.....%.#
......##....####@####
......##....##.yOa#
.......+ ..#......#
.......# ...#......#
.......# ...#......h
.##...##....##....##.
.##...##....##....#
##
............#.....'
....รท.......#


You could see a two-headed ogre, a hornet, a hound and a worker ant.

Vanquished Creatures
  A two-headed ogre (D:8)
  A hippogriff (D:7)
  2 wraiths (Ossuary)
  Eustachio (D:6)
  A water moccasin (D:7)
  2 orc warriors
  A necrophage (D:7)
  2 black bears
  2 ogres
  A centaur (D:6)
  A big kobold (D:7)
  5 bullfrogs
  2 scorpions
  3 wights (Ossuary)
  A bullfrog zombie (D:5)
  4 crimson imps
  3 jellies (D:8)
  4 orc priests
  A hound (D:7)
  4 orc wizards
  4 iguanas
  7 worker ants
  A hound skeleton (D:6)
  2 gnolls (D:4)
  8 adders
  2 shadow imps (D:7)
  5 oozes (D:8)
  4 adder skeletons
  2 adder zombies (Ossuary)
  A worm (D:4)
  2 dart slugs
  3 leopard geckos
  17 orcs
  4 bats
  2 giant cockroaches
  10 goblins
  4 hobgoblins
  10 jackals
  11 kobolds
  3 quokkas
  2 ball pythons
  A ball python skeleton (Ossuary)
  3 frilled lizards
  A hobgoblin skeleton (Ossuary)
  A hobgoblin zombie (Ossuary)
  2 kobold zombies (Ossuary)
  2 orc skeletons (Ossuary)
  4 rats
160 creatures vanquished.

Vanquished Creatures (others)
  9 plants (D:8)
9 creatures vanquished.

Grand Total: 169 creatures vanquished

Notes
Turn   | Place    | Note
-------+----------+-------------------------------------------
     0 | D:1      | troglodite the Demonspawn Berserker began the quest for the Orb.
     0 | D:1      | Reached XP level 1. HP: 18/18 MP: 1/1
   203 | D:1      | Gained mutation: Your movements are slightly less encumbered by armour. (ER -2) [demonic ancestry]
   203 | D:1      | Reached XP level 2. HP: 21/24 MP: 2/2
  1182 | D:2      | Reached XP level 3. HP: 29/29 MP: 3/3
  1420 | D:2      | Reached ** piety under Trog
  1944 | D:3      | Found an opulent altar of Gozag.
  1944 | D:3      | Found a bloodstained altar of Trog.
  2109 | D:3      | Gained mutation: You have sharp toenails. [demonic ancestry]
  2109 | D:3      | Reached XP level 4. HP: 37/37 MP: 4/4
  2227 | D:3      | Noticed a black bear
  2230 | D:3      | Found a hazy altar of Hepliaklqana.
  2230 | D:3      | Found a transporter.
  2260 | D:3      | Found a transporter.
  2741 | D:4      | Gained mutation: Your movements are less encumbered by armour. (ER -4) [demonic ancestry]
  2741 | D:4      | Reached XP level 5. HP: 17/42 MP: 5/5
  3110 | D:4      | Found a staircase to the Ecumenical Temple.
  3623 | D:4      | Found a shadowy altar of Dithmenos.
  3879 | D:4      | Found an iron altar of Okawaru.
  4050 | D:5      | Entered Level 5 of the Dungeon
  4114 | D:5      | Reached XP level 6. HP: 43/49 MP: 6/6
  4206 | D:5      | Found a sand-covered staircase.
  4215 | Ossuary  | Entered an ossuary
  4301 | Ossuary  | Reached *** piety under Trog
  4388 | Ossuary  | Noticed a flying skull
  4388 | Ossuary  | Noticed a wraith
  4607 | Ossuary  | Noticed a flying skull
  4613 | Ossuary  | Noticed a wraith
  4630 | Ossuary  | Killed a wraith
  4630 | Ossuary  | Reached skill level 5 in Fighting
  4630 | Ossuary  | Gained mutation: When hurt, damage is shared between your health and your magic reserves. [demonic ancestry]
  4630 | Ossuary  | Reached XP level 7. HP: 8/56 MP: 7/7
  4984 | Ossuary  | Noticed a flying skull
  4995 | Ossuary  | Noticed a wraith
  5011 | Ossuary  | Killed a wraith
  5329 | Ossuary  | Noticed a flying skull
  5353 | Ossuary  | Noticed a flying skull
  5648 | D:3      | Reached skill level 1 in Stealth
  6295 | D:6      | Found a shattered altar of Ashenzari.
  6295 | D:6      | Noticed Eustachio
  6319 | D:6      | Reached skill level 5 in Armour
  6319 | D:6      | Gained mutation: You have razor-sharp toenails. [demonic ancestry]
  6319 | D:6      | Reached XP level 8. HP: 63/63 MP: 8/8
  6347 | D:6      | Reached skill level 5 in Long Blades
  6562 | D:6      | Got a faintly glowing hand crossbow
  6576 | D:6      | Identified the +2 hand crossbow of Zanyusyo {venom, Stlth+} (You found it on level 6 of the Dungeon)
  6587 | D:6      | Found a blossoming altar of Fedhas.
  7203 | D:6      | Killed Eustachio
  7539 | D:7      | Found a sacrificial altar of Ru.
  7550 | D:7      | Reached skill level 1 in Shields
  7601 | D:7      | Reached **** piety under Trog
  7764 | D:7      | Found a hide-covered altar of Uskayaw.
  7821 | D:7      | Gained mutation: You regenerate magic rapidly. [demonic ancestry]
  7821 | D:7      | Reached XP level 9. HP: 46/71 MP: 9/9
  8538 | D:8      | Noticed a two-headed ogre
  8550 | D:8      | Killed a two-headed ogre
  8550 | D:8      | Reached skill level 5 in Dodging
  8868 | D:8      | Reached ***** piety under Trog
  9111 | D:8      | Noticed a two-headed ogre
  9121 | D:8      | Paralysed by a hornet for 1 turns
  9123 | D:8      | HP: 4/106 [hornet (2)]
  9123 | D:8      | Slain by a hornet

Skill      XL: |  1  2  3  4  5  6  7  8  9 |
---------------+----------------------------+-----
Long Blades    | 3 4 5 7 |  7.0
Dodging        | 2 3 4 5 |  5.3
Armour         | 2 3 5 6 |  6.9
Fighting       | 4 5 6 7 |  7.2
Stealth        | 1 |  1.3
Shields        | 1 4 |  4.2

Action                   |  1- 3 |  4- 6 |  7- 9 || total
-------------------------+-------+-------+-------++-------
Melee: Falchion          |   138 |   181 |   478 ||   797
Invok: Berserk           |     3 |     5 |    11 ||    19
       Burn Spellbooks   |     1 |       |     1 ||     2
  Use: Scroll            |       |    11 |     3 ||    14
       Potion            |       |       |     2 ||     2
 Stab: Sleeping          |     1 |       |       ||     1
  Eat: Chunk             |     5 |     7 |    14 ||    26
       Ration            |       |     2 |     3 ||     5
Armor: Animal skin       |    16 |       |       ||    16
       Ring mail         |    37 |    63 |     4 ||   104
       Plate armour      |       |       |   312 ||   312
       Chain mail        |       |       |     4 ||     4
Dodge: Dodged            |   103 |   113 |   188 ||   404
Block: Shield            |       |       |   171 ||   171
       Rpst.: Falchion   |    37 |    34 |    51 ||   122
